Kradschützen Motorcycle Team
Selects Armored Support Battlegroup
Construct Light Support Kompanie
Selects Superior Fire Drills
Construct Mechanized Kompanie
254 Reconnaissance Tractor
Panzerjäger Mechanized Group
Selects Flammpanzer III Medium Tank
Construct Panzerarmee Kommand
Panzerjäger Mechanized Group
Selects Command Panzer IV F Medium Tank
Command Panzer IV F Medium Tank
Walking Stuka Rocket Launcher
Panzerjäger Mechanized Group
Selects Stuka Anti-tank Loiter